 Dungeon Crawl Stone Soup version 0.26.0-10-g1f06aea511 (webtiles) character file.

Game seed: 7348701418613517902

56 mopl the Vexing (level 3, 4/24 HPs)
             Began as a Demonspawn Enchanter on Jan 21, 2021.
             Quit the game on level 2 of the Dungeon.
             The game lasted 00:02:40 (1912 turns).

mopl the Vexing (Demonspawn Enchanter)              Turns: 1912, Time: 00:02:40

Health: 4/24       AC:  2    Str:  8    XL:     3   Next: 71%
Magic:  2/6        EV: 12    Int: 17    God:
Gold:   0          SH:  4    Dex: 13    Spells: 0/6 levels left

rFire    . . .     SeeInvis .   a - +1 dagger
rCold    . . .     Faith    .   (no shield)
rNeg     . . .     Spirit   +   c - +0 robe
rPois    .         Reflect  .   (no helmet)
rElec    .         Harm     .   (no cloak)
rCorr    .         Rampage  .   (no gloves)
Will     .....                  (no boots)
Stlth    ++........             (no amulet)
HPRegen  0.08/turn              (no ring)
MPRegen  0.10/turn              (no ring)

@: lethally poisoned (4 -> -3), flying
A: large bone plates 1, magic shield
a: no special abilities


You were on level 2 of the Dungeon.
You visited 1 branch of the dungeon, and saw 2 of its levels.

Inventory:

Hand Weapons
 a - a +1 dagger (weapon)
 b - a +0 hunting sling of freezing
Missiles
 d - 29 sling bullets
 i - 9 stones
 j - 5 boomerangs
Armour
 c - a +0 robe (worn)
Scrolls
 e - a scroll of immolation {unknown}
 f - a scroll of random uselessness {unknown}
 g - a scroll of identify {unknown}
Potions
 l - a potion of resistance


   Skills:
 + Level 1.6 Short Blades
 - Level 1.7 Dodging
 + Level 3.1 Stealth
 + Level 2.4 Spellcasting
 + Level 3.4 Hexes
 + Level 0.9 Ice Magic


You couldn't memorise any spells.
You knew the following spells:

 Your Spells              Type           Power        Failure   Level
a - Corona                Hex            14%          4%          1
b - Ensorcelled Hibernat  Hex/Ice        18%          12%         2
d - Tukima's Dance        Hex            13%          14%         3

Your spell library contained the following spells:

 Spells                   Type           Power        Failure   Level
 Confusing Touch          Hex            13%          14%         3
 Dazzling Flash           Conj/Hex       14%          28%         3


Dungeon Overview and Level Annotations

Branches:
Dungeon (2/15)

Altars:


Innate Abilities, Weirdness & Mutations

You are partially covered in large bone plates. (SH +4)
When hurt, damage is shared between your health and your magic reserves.


Message History

You feel sick.
You feel sick. The bat closely misses you.
You feel sick. The bat hits you.
Your magical contamination has completely faded away.
* * * LOW HITPOINT WARNING * * *
You feel sick.
It was a potion of flight.
You feel very buoyant.
You fly up into the air.
* * * LOW HITPOINT WARNING * * *
You feel sick. The bat misses you.
* * * LOW HITPOINT WARNING * * *
You feel sick. The bat closely misses you.
* * * LOW HITPOINT WARNING * * *
You feel sick. The bat barely misses you.
* * * LOW HITPOINT WARNING * * *
You feel sick. The bat misses you. x2
Are you sure you want to abandon this character and quit the game? (Confirm with "yes".)

.......## ##.## ......
#..# ..... ##.## #####
#..# ##l# #K## #.# #..#
#.# ##b# #.# .########@##
#.# ...........# #.#
###############.#.# #.#
...........# #.#.## #.#
.#########.# #.#..####.#
.# #..<....# #.........#
.##############.........#
†....†.†................#
###################..##.#


You could see a bat, a kobold and a frilled lizard.

Vanquished Creatures
  2 adders (D:2)
  4 dart slugs (D:1)
  A leopard gecko (D:1)
  2 goblins (D:1)
  3 hobgoblins
  2 jackals (D:1)
  3 kobolds (D:1)
  2 ball pythons (D:1)
  5 bats
  A frilled lizard (D:1)
  5 rats (D:1)
30 creatures vanquished.

Notes
Turn   | Place    | Note
-------+----------+-------------------------------------------
     0 | D:1      | mopl the Demonspawn Enchanter began the quest for the Orb.
     0 | D:1      | Reached XP level 1. HP: 13/13 MP: 3/3
   275 | D:1      | Reached skill level 1 in Short Blades
   511 | D:1      | Gained mutation: When hurt, damage is shared between your
                  | health and your magic reserves. [demonic ancestry]
   511 | D:1      | Reached XP level 2. HP: 19/19 MP: 5/5
   514 | D:1      | Learned a level 2 spell: Ensorcelled Hibernation
   983 | D:1      | Reached skill level 3 in Stealth
  1292 | D:1      | Gained mutation: You are partially covered in large bone
                  | plates. (SH +4) [demonic ancestry]
  1292 | D:1      | Reached XP level 3. HP: 24/24 MP: 3/6
  1296 | D:1      | Learned a level 3 spell: Tukima's Dance
  1912 | D:2      | Quit the game

Illustrated notes

Levels and vault maps discovered:
D:1:      minmay_arrival_four_circles, layout_basic
D:2:      layout_basic, minmay_small_reverse_x

Skill      XL: |  1  2 |
---------------+-------+-----
Short Blades   | 1 |  1.6
Stealth        | 3 |  3.1
Dodging        | |  1.7
Spellcasting   | |  2.4
Hexes          | |  3.4
Ice Magic      | |  0.9

Action                   || total
-------------------------++-------
Melee: Dagger            ||   106
       Unarmed           ||     6
 Cast: Corona            ||     6
       Ensorcelled Hiber ||    10
  Use: Potion            ||     4
 Stab: Sleeping          ||    10
Armor: Robe              ||    31
       Skin              ||    11
Dodge: Dodged            ||   116
Block: Other             ||    10
